 Dungeon Crawl Stone Soup version 0.22-a0-419-g492bfec (webtiles) character file.

563 KristoblXynda the Cudgeler (level 7, -5/60 HPs)
             Began as a Naga Gladiator on May 15, 2018.
             Slain by an iguana (11 damage)
             ... on level 4 of the Dungeon.
             The game lasted 00:08:01 (4891 turns).

KristoblXynda the Cudgeler (Naga Gladiator)         Turns: 4891, Time: 00:08:02

Health: -5/60      AC:  6    Str: 18    XL:     7   Next: 32%
Magic:  7/7        EV: 10    Int:  9    God:
Gold:   164        SH:  0    Dex: 12    Spells: 6/6 levels left

rFire    . . .     SeeInvis +   a - +1 flail
rCold    . . .     Gourm    .   (no shield)
rNeg     . . .     Faith    .   h - +0 ring mail
rPois    +         Spirit   .   c - +0 helmet
rElec    .         Reflect  .   (no cloak)
rCorr    .         Harm     .   m - +0 pair of gloves
MR       .....                  (no barding)
Stlth    ++........             (no amulet)
HPRegen  0.20/turn              (no ring)
MPRegen  0.10/turn              (no ring)

@: short of breath, very slow
A: large, see invisible, deformed body, poison resistance, slowness 2, slow
metabolism 1, spit poison 1, AC +2
a: Spit Poison


You were on level 4 of the Dungeon.
You were not hungry.

You visited 1 branch of the dungeon, and saw 4 of its levels.
You also visited: Ossuary.

You collected 164 gold pieces.

Inventory:

Hand Weapons
 a - a +1 flail (weapon)
Missiles
 d - 2 throwing nets (quivered)
Armour
 c - a +0 helmet (worn)
 h - a +0 ring mail (worn)
 k - a +0 shield
 m - a +0 pair of gloves (worn)
Wands
 q - a wand of random effects (31)
Scrolls
 b - 2 scrolls of remove curse
 j - a scroll of summoning {unknown}
 l - a scroll of fog
 n - 3 scrolls of enchant armour
 o - a scroll of teleportation
 p - a scroll of random uselessness
Potions
 e - 2 potions of agility {unknown}
 g - 3 potions of might
 i - a potion of curing
Comestibles
 f - 9 rations


   Skills:
 - Level 2.0 Fighting
 * Level 6.1 Maces & Flails
 - Level 2.0 Throwing
 + Level 3.9 Dodging
 + Level 5.4 Stealth


You had 6 spell levels left.
You didn't know any spells.
Your spell library was empty.

Dungeon Overview and Level Annotations

Branches:
Dungeon (4/15)
 Temple: D:4-7

Altars:
Xom


Innate Abilities, Weirdness & Mutations

You cannot wear boots.
Your serpentine skin is tough. (AC +2)
You have supernaturally acute eyesight. (SInv)
Armour fits poorly on your strangely shaped body.
Your system is resistant to poisons. (rPois)
You cover ground very slowly.
You have a slow metabolism.
You can spit poison.


Message History

The iguana bites you but does no damage.
You closely miss the iguana.
The iguana is lightly wounded.
The iguana barely misses you.
You hit the iguana but do no damage.
The iguana is lightly wounded.
The iguana bites you!
You sock the iguana!
The iguana is heavily wounded.
The iguana bites you!
* * * LOW HITPOINT WARNING * * *
Press: ? - help, Shift-Dir - straight line, f/p - iguana
Aim: an iguana (heavily wounded)
The splash of poison misses the iguana.
You feel slightly more hungry. The iguana bites you!
* * * LOW HITPOINT WARNING * * *
You hit the iguana but do no damage.
The iguana is heavily wounded.
The iguana bites you!
You die...

..# #.# .. #.## #..
#..# #... ##.# #...
#.## ######..# #..##
###...<..# ##...##
###.....l.##
#.....####....?.@...##
........#............#
.....................#
.....................#
.............[.......#
................(....#
.....................#
.#######.............#
## #....#..#######


You could see an iguana.

Vanquished Creatures
  A phantom (D:4)
  An ogre (D:4)
  2 human zombies (Ossuary)
  3 orc priests
  An orc wizard (D:2)
  A big kobold zombie (Ossuary)
  3 hound zombies (Ossuary)
  4 mummies (Ossuary)
  5 adders
  An adder zombie (Ossuary)
  2 worms
  A leopard gecko (D:4)
  6 orcs
  8 bats
  5 goblins
  9 hobgoblins
  A ball python (D:4)
  3 frilled lizards
  A goblin zombie (Ossuary)
  A hobgoblin zombie (Ossuary)
  A jackal zombie (Ossuary)
  3 kobolds
  A kobold zombie (Ossuary)
  A quokka skeleton (D:4)
  7 rats
72 creatures vanquished.

Vanquished Creatures (others)
  An orc zombie (Ossuary)
1 creature vanquished.

Grand Total: 73 creatures vanquished

Notes
Turn   | Place    | Note
-------+----------+-------------------------------------------
     0 | D:1      | KristoblXynda the Naga Gladiator began the quest for the Orb.
     0 | D:1      | Reached XP level 1. HP: 19/19 MP: 1/1
   197 | D:1      | Reached XP level 2. HP: 10/26 MP: 2/2
  1176 | D:2      | Reached skill level 1 in Stealth
  1363 | D:2      | Reached XP level 3. HP: 9/32 MP: 3/3
  2165 | D:2      | Reached skill level 4 in Maces & Flails
  2165 | D:2      | Reached XP level 4. HP: 24/39 MP: 4/4
  2173 | D:2      | Reached XP level 5. HP: 25/45 MP: 5/5
  3198 | D:3      | Found a shimmering altar of Xom.
  3591 | D:4      | Found a sand-covered staircase.
  3596 | D:4      | Reached skill level 5 in Maces & Flails
  3621 | Ossuary  | Entered an ossuary
  3627 | Ossuary  | Reached XP level 6. HP: 44/52 MP: 6/6
  4306 | D:4      | Noticed a phantom
  4327 | D:4      | Killed a phantom
  4327 | D:4      | Reached skill level 5 in Stealth
  4327 | D:4      | Reached XP level 7. HP: 21/60 MP: 7/7
  4658 | D:4      | Reached skill level 6 in Maces & Flails
  4891 | D:4      | Slain by an iguana

Vault maps used:
D:1:      saegor_arrival_simple_b, corexii_leaking_fountain, solitary_fountain
D:2:      cheibrodos_pilgrimage, dk_vineyard_3
D:3:      marbit_many_paths, first_ration, due_unseen_surprise
D:4:      nicolae_ossuary_entry_ruins
Ossuary:  ossuary_minmay_tomb_2a

Skill      XL: |  1  2  3  4  5  6  7 |
---------------+----------------------+-----
Throwing       | 2 |  2.0
Stealth        | 1 2 3 5 |  5.4
Maces & Flails | 4 5 6 |  6.1
Dodging        | 3 |  3.9
Fighting       | |  2.0

Action                   |  1- 3 |  4- 6 |  7- 9 || total
-------------------------+-------+-------+-------++-------
Melee: Flail             |   106 |   159 |    15 ||   280
       Whip              |     3 |       |       ||     3
Throw: Throwing net      |       |     1 |       ||     1
 Abil: Spit Poison       |     8 |     9 |     4 ||    21
Evoke: Wand              |       |     2 |     1 ||     3
  Use: Potion            |     3 |     2 |       ||     5
       Scroll            |     2 |     8 |       ||    10
 Stab: Sleeping          |     1 |     1 |       ||     2
       Held in net/web   |       |     1 |       ||     1
       Invisible         |       |     2 |       ||     2
  Eat: Chunk             |     3 |     4 |       ||     7
       Ration            |       |     1 |       ||     1
Armor: Ring mail         |    52 |   114 |     3 ||   169
       Leather armour    |     1 |       |       ||     1
Dodge: Dodged            |    56 |   185 |     5 ||   246

Table legend:
 A = Spawn XP
 B = Non-spawn XP
 C = Spawn XP percentage of total XP
 D = Spawn monster count
 E = Non-spawn monster count
 F = Spawn count percentage of total count
 G = Total turns spent on level
                    A         B        C        D         E        F      G
               +---------+---------+-------+---------+---------+-------+---------
         Total |       0 |     805 |   0.0 |       0 |      72 |   0.0 |  4891
               +---------+---------+-------+---------+---------+-------+---------
           D:1 |       0 |      19 |   0.0 |       0 |      13 |   0.0 |  1020
           D:2 |       0 |     175 |   0.0 |       0 |      18 |   0.0 |  1614
           D:3 |       0 |     102 |   0.0 |       0 |      19 |   0.0 |   926
           D:4 |       0 |     264 |   0.0 |       0 |       7 |   0.0 |   726
       Ossuary |       0 |     245 |   0.0 |       0 |      15 |   0.0 |   605
               +---------+---------+-------+---------+---------+-------+---------
